 Dungeon Crawl Stone Soup version 0.18-a0-1535-g243bd92 (webtiles) character file.

351 Arkorax the Insei (level 6, -2/33 HPs)
             Began as a Vine Stalker Monk on Mar 9, 2016.
             Slain by Duvessa
             ... wielding a +1 short sword of electrocution
              (14 damage)
             ... on level 4 of the Dungeon.
             The game lasted 00:06:20 (2736 turns).

Arkorax the Insei (Vine Stalker Monk)               Turns: 2736, Time: 00:06:20

Health: -2/33      AC:  7    Str: 15    XL:     6   Next: 61%
Magic:  0/7        EV: 11    Int: 10    God:
Gold:   138        SH:  0    Dex: 17    Spells: 0 memorised, 5 levels left

rFire  . . .     SeeInvis .       - Unarmed
rCold  + . .     Gourm    .     k - +2 ring mail {rC+}
rNeg   . . .     Faith    .     (no shield)
rPois  .         Spirit   +     (no helmet)
rElec  .         Dismiss  .     (no cloak)
rCorr  +         Reflect  .     (no gloves)
SustAt .         Harm     .     (no boots)
MR     .....                    (no amulet)
Stlth  +.........               j - ring of resist corrosion
                                g - ring of loudness (curse)

@: not resistant to hostile enchantments, very unstealthy
A: fangs 2, regeneration 2, magic shield, antimagic bite, no device heal 3, rot
immunity
a: no special abilities


You were on level 4 of the Dungeon.
You were hungry.

You visited 1 branch of the dungeon, and saw 4 of its levels.

You collected 138 gold pieces.

Inventory:

Missiles
 r - 7 silver javelins (quivered)
Armour
 a - a +0 robe
 k - a +2 ring mail of cold resistance (worn)
Jewellery
 g - a cursed ring of loudness (left hand)
 j - a ring of resist corrosion (right hand)
 l - an uncursed ring of protection from cold {unknown}
 v - an uncursed ring of magical power {unknown}
Scrolls
 b - 4 scrolls of magic mapping {unknown}
 c - 6 scrolls of identify {unknown}
 e - a scroll of remove curse {unknown}
 i - a scroll of teleportation {unknown}
 q - 2 scrolls of enchant weapon {unknown}
 t - a scroll of blinking {unknown}
 w - a scroll of amnesia {unknown}
Potions
 f - a potion of haste {unknown}
 h - 4 potions of curing {unknown}
 m - a potion of flight {unknown}
 n - 2 potions of degeneration {unknown}
 o - 3 potions of agility {unknown}
Comestibles
 d - 2 beef jerkies
 p - a meat ration
 s - 2 slices of pizza
 u - a bread ration


   Skills:
 + Level 4.2 Fighting
 - Level 2.4 Dodging
 - Level 2.4 Stealth
 * Level 6.7 Unarmed Combat


You had 5 spell levels left.
You didn't know any spells.

Dungeon Overview and Level Annotations

Branches:
Dungeon (4/15)
 Temple: D:4-7

Altars:
Ashenzari
Dithmenos
Kikubaaqudgha
Ru
Xom

Annotations:
D:4 Dowan, Duvessa


Innate Abilities, Weirdness & Mutations

You have extremely sharp teeth.
You heal very quickly.
When hurt, damage is shared between your health and your magic reserves.
Your bite disrupts and absorbs the magic of your enemies.
Potions and wands cannot restore your health.
You are immune to rotting.


Message History

Duvessa hits you with a short sword of electrocution.
You hit Duvessa but do no damage. Your bite misses Duvessa.
Duvessa is lightly wounded.
Duvessa hits you but does no damage.
Dowan smirks and points a slender finger.
You hit Duvessa but do no damage.
Duvessa is lightly wounded.
Duvessa hits you but does no damage.
Dowan drinks a potion.
Dowan seems to grow stronger.
Duvessa hits you with a short sword of electrocution!
You closely miss Duvessa.
Duvessa is lightly wounded.
Duvessa misses you.
Dowan casts a spell.
Dowan blinks!
You hit Duvessa. You punch Duvessa.
Duvessa is moderately wounded.
Duvessa hits you with a short sword of electrocution.
You are electrocuted!
You die...

##.##...# ###.##...# .
##......... .. #..........
.#. #..#......# ....
#)......... .....
#..........
.....[##########..#.#..#..
.......Se@..........#..#.#
..########.#####.......#..
#.# #..#.##....
#########.#####..#.......
.........................
#########.######.#####...
#.# #.# #...
#.######.######>.
###................


You could see Duvessa and an adder.

Vanquished Creatures
  2 orc priests (D:4)
  Jessica (D:2)
  3 orc wizards
  6 adders
  A gnoll (D:1)
  2 howler monkey skeletons
  An ooze (D:3)
  4 worms
  7 giant geckos
  10 orcs
  2 bat zombies (D:3)
  2 giant cockroaches
  9 goblins
  9 hobgoblins
  4 jackals (D:2)
  6 kobolds
  2 bats (D:1)
  A giant newt (D:2)
  7 rats
  A rat zombie (D:3)
80 creatures vanquished.

Notes
Turn   | Place    | Note
--------------------------------------------------------------
     0 | D:1      | Arkorax the Vine Stalker Monk began the quest for the Orb.
     0 | D:1      | Reached XP level 1. HP: 11/11 MP: 2/2
   104 | D:1      | Reached XP level 2. HP: 16/16 MP: 3/3
   293 | D:1      | Reached XP level 3. HP: 20/20 MP: 4/4
   656 | D:1      | You fall through a shaft!
   759 | D:2      | Noticed Jessica
   767 | D:2      | Killed Jessica
   767 | D:2      | Reached skill level 5 in Unarmed Combat
   767 | D:2      | Reached XP level 4. HP: 21/24 MP: 5/5
   895 | D:2      | Found a shadowy altar of Dithmenos.
   900 | D:2      | Found a shattered altar of Ashenzari.
  1524 | D:3      | Reached XP level 5. HP: 28/28 MP: 6/6
  1845 | D:3      | Found an ancient bone altar of Kikubaaqudgha.
  1903 | D:3      | Found a shimmering altar of Xom.
  1918 | D:3      | Reached skill level 6 in Unarmed Combat
  2188 | D:3      | Found a sacrificial altar of Ru.
  2322 | D:4      | Gained mutation: You heal very quickly. [Vine Stalker growth]
  2322 | D:4      | Reached XP level 6. HP: 28/33 MP: 7/7
  2724 | D:4      | Noticed Dowan
  2726 | D:4      | Noticed Duvessa
  2736 | D:4      | Slain by Duvessa

Vault maps used:
D:1:      zelgadis_glass_arrival_small
D:2:      grunt_temple_overflow_open, serial_forest,
          infiniplex_forest_lined_room_, infiniplex_forest_clump_medium,
          infiniplex_forest_lined_corner, infiniplex_forest_clump_small,
          infiniplex_forest_clump_diagonal, infiniplex_forest_clump_large,
          uniq_jessica
D:3:      xom_teletrap_fun, lemuel_zombie_altar_kikubaaqudgha,
          nicolae_overflow_hidden_temple
D:4:      lemuel_upstairs_altar, tgw_sif, first_bread, uniq_duvessa

Skill      XL: |  1  2  3  4  5 |
---------------+----------------+-----
Fighting       | 3 4 |  4.2
Unarmed Combat | 5 6 |  6.7
Dodging        | |  2.4
Stealth        | |  2.4

Action                   |  1- 3 |  4- 6 || total
-------------------------+-------+-------++-------
Melee: Unarmed           |    69 |   214 ||   283
 Stab: Sleeping          |     2 |       ||     2
  Eat: Bread ration      |       |     1 ||     1
       Chunk             |       |     1 ||     1
